 Dungeon Sprint DCSS version 0.22-a0-750-ga7dcef7 (webtiles) character file.

2948 collin38 the Scorcher (level 9, -9/45 HPs)
             Began as a Deep Elf Fire Elementalist on July 15, 2018.
             Was the Champion of Vehumet.
             Killed from afar by Dapaar the pandemonium lord (42 damage)
             ... with a poison arrow
             ... in the Dungeon (Sprint V: "Ziggurat Sprint").
             The game lasted 00:09:39 (663 turns).

collin38 the Scorcher (Deep Elf Fire Elementalist)   Turns: 663, Time: 00:09:39

Health: -9/45      AC:  5    Str: 12    XL:     9   Next: 51%
Magic:  25/27      EV: 12    Int: 39    God:    Vehumet [******]
Gold:   0          SH:  7    Dex: 18    Spells: 15/33 levels left

rFire    . . .     SeeInvis +   J - staff of conjuration
rCold    . . .     Gourm    .   H - +3 buckler
rNeg     + + .     Faith    .   a - +0 robe
rPois    .         Spirit   .   j - +0 helmet of Polish {Int+3 Dex+3}
rElec    .         Reflect  .   (no cloak)
rCorr    .         Harm     .   L - +1 pair of gloves {Str+3}
MR       .....     NoTele   +   (no boots)
Stlth    ++........             l - amulet of Jeixafos {RegenMP rN++ Str+4 SInv}
HPRegen  0.15/turn              B - +6 ring of intelligence
MPRegen  0.45/turn              C - +6 ring of intelligence

@: lethally poisoned (-9 -> -33), very slightly contaminated, hasted, studying
Bows, very quick
A: no striking features
a: Renounce Religion


You were in the Dungeon.
You worshipped Vehumet.
Vehumet was exalted by your worship.
You were not hungry.

You visited 1 branch

Inventory:

Hand Weapons
 G - a +5 quick blade
Armour
 a - a +0 robe (worn)
 j - the +0 helmet of Polish (worn) {Int+3 Dex+3}
   (You found it in the Dungeon)

   It affects your intelligence (+3).
   It affects your dexterity (+3).
 H - a +3 buckler (worn)
 I - a +3 shield
 L - a +1 pair of gloves of strength (worn)
Magical Staves
 x - an uncursed staff of energy
 J - an uncursed staff of conjuration (weapon)
Jewellery
 l - the amulet of Jeixafos (around neck) {RegenMP rN++ Str+4 SInv}
   (You found it in the Dungeon)

   [amulet of magic regeneration]

   It increases your magic regeneration.
   It affects your strength (+4).
   It greatly protects you from negative energy.
   It lets you see invisible.
 z - a +6 ring of dexterity
 A - a +6 ring of dexterity
 B - a +6 ring of intelligence (left hand)
 C - a +6 ring of intelligence (right hand)
 D - a +6 ring of strength
 E - a +6 ring of strength
 N - an uncursed ring of stealth
Wands
 u - a wand of disintegration (7)
 v - a wand of iceblast (7)
 w - a wand of acid (6)
Scrolls
 o - 4 scrolls of amnesia
 p - 7 scrolls of fog
 q - a scroll of holy word
 r - 5 scrolls of identify
 s - 5 scrolls of remove curse
 t - a scroll of fear
 K - 4 scrolls of enchant armour
Potions
 b - 2 potions of brilliance
 d - 8 potions of curing
 e - 8 potions of heal wounds
 f - 4 potions of haste
 g - 7 potions of magic
 h - 3 potions of berserk rage
 k - 4 potions of resistance
 m - 4 potions of agility
 n - 5 potions of might
Books
 O - a manual of Bows
Miscellaneous
 y - a crystal ball of energy
 F - a lightning rod (4/4)
 M - a phial of floods
Comestibles
 c - 7 rations
 P - 4 chunks of flesh


   Skills:
 + Level 0.0 Fighting
 - Level 2.4 Dodging
 - Level 2.4 Stealth
 + Level 0.0 Shields
 + Level 12.9 Spellcasting
 * Level 14.7 Conjurations
 * Level 15.0 Fire Magic


You had 15 spell levels left.
You knew the following spells:

 Your Spells              Type           Power        Failure   Level  Hunger
a - Flame Tongue          Conj/Fire      #####        0%          1    None
b - Fireball              Conj/Fire      ########..   1%          5    None
c - Orb of Destruction    Conj           ########..   1%          7    ####...
d - Venom Bolt            Conj/Pois      #######...   1%          5    None

Your spell library contained the following spells:

 Spells                   Type           Power        Failure   Level  Hunger
 Conjure Flame            Conj/Fire      ########     0%          3    None
 Slow                     Hex            ####....     3%          2    None
 Throw Flame              Conj/Fire      ######       0%          2    None
 Sticky Flame             Conj/Fire      ########     1%          4    None
 Ozocubu's Armour         Chrm/Ice       ####....     7%          3    None
 Stone Arrow              Conj/Erth      ######       1%          3    None
 Confusing Touch          Hex            ####..       2%          1    None
 Excruciating Wounds      Chrm/Necr      ####......   54%         5    None
 Inner Flame              Hex/Fire       ######..     1%          3    None
 Iskenderun's Battlesphe  Conj/Chrm      #######.     1%          5    None


Dungeon Overview and Level Annotations

Branches:
Dungeon (1/1)

Altars:
Ashenzari
Cheibriados
Dithmenos
Elyvilon
Fedhas
Gozag
Hepliaklqana
Kikubaaqudgha
Makhleb
Nemelex Xobeh
Okawaru
Qazlal
Ru
Sif Muna
Trog
Uskayaw
Vehumet
Wu Jian
Xom
Yredelemnul
Zin
The Shining One
Beogh
Jiyva
Lugonu

Annotations:
D 1 transporter


Message History

The spriggan looks frightened!
The crimson imp barely misses you.
You feel much better.
The spriggan rider mutters, "Damn and blast!"
The crimson imp blinks!
The spriggan tries to recover its lost courage.
You block the spriggan's attack.
The spriggan gives up.
The spriggan hits you with a rapier.
The crimson imp blinks!
Cornered, the spriggan turns to fight!
The spriggan closely misses you.
Cornered, the spriggan rider turns to fight!
Cornered, the wolf turns to fight!
The crimson imp spits at you.
The crimson imp hits you but does no damage.
Cornered, the wolf turns to fight!
Dapaar gestures at you. The poison arrow hits you!
You are poisoned.
Ouch! That really hurt!
You die...

▓.........▓.......▓
▓.........▓.......▓
▓....§....▓.......▓
▓...§.§...▓.▓...▓.▓
▓..§§§§§..▓...©...▓
▓▓▓▓▓▓▓▓▓▓▓▓▓▓▓▓▓▓▓
▓i..8©8.hh▓
▓h.}h)i)..▓
▓...)[@[5.▓
▓.........▓
▓.....i&..▓
▓......i..▓
▓.........▓
▓h▓.....▓.▓
▓....©....▓
▓▓▓▓▓▓▓▓▓▓▓


You could see Dapaar, a spriggan rider, 2 black bears, 3 spriggans, 3 wolves and
a crimson imp.

Vanquished Creatures
  2 cyclopes (D)
  A jumping spider (D)
  2 merfolk (D)
  A hippogriff (D)
  A small abomination (D)
  A hell hound (D)
  3 water moccasins (D)
  3 orc warriors (D)
  2 centaurs (D)
  3 scorpions (D)
  2 crimson imps (D)
  A quasit (D)
  2 orc priests (D)
  2 adders (D)
  6 shadow imps (D)
  A white imp (D)
  2 ufetubi (D)
  An orc (D)
  A ball python (D)
  A bat skeleton (D)
  A bat simulacrum (D)
  A leopard gecko simulacrum (D)
40 creatures vanquished.

Vanquished Creatures (others)
  An acid blob (D)
  An azure jelly (D)
  2 death oozes (D)
  Erolcha (D)
  Sonja (D)
  Psyche (D)
  Grum (D)
  Menkaure (D)
9 creatures vanquished.

Grand Total: 49 creatures vanquished

Notes
Turn   | Place    | Note
-------+----------+-------------------------------------------
     0 | D        | Found the +6 Majin-Bo {vamp, Archmagi MP+6 Int+6}
     0 | D        | Found the +7 great mace "Firestarter" {inner flame, rF++}
     0 | D        | collin38 the Deep Elf Fire Elementalist began the quest for the Orb.
     0 | D        | Reached XP level 1. HP: 10/10 MP: 6/6
     0 | D        | Found a deep blue altar of Sif Muna.
     0 | D        | Found a sacrificial altar of Ru.
     0 | D        | Found a bloodstained altar of Trog.
     0 | D        | Found a stormy altar of Qazlal.
     0 | D        | Found an iron altar of Okawaru.
     0 | D        | Found a sparkling altar of Nemelex Xobeh.
     0 | D        | Found a blossoming altar of Fedhas.
     2 | D        | Found a transporter.
     2 | D        | Found an ancient bone altar of Kikubaaqudgha.
     2 | D        | Found a viscous altar of Jiyva.
     2 | D        | Found a corrupted altar of Lugonu.
     2 | D        | Found a hazy altar of Hepliaklqana.
     2 | D        | Found a burning altar of Makhleb.
     2 | D        | Found an opulent altar of Gozag.
    20 | D        | Found the +9 heavy crossbow "Sniper" {velocity, Acc+∞ SInv}
    20 | D        | Found the +10 dark maul {crush}
    20 | D        | Found the +15 Maxwell's patent armour {-Cast -Tele rElec MR+ rCorr}
    20 | D        | Found the +18 shield of the Gong {rElec rN+ MR+ EV-5}
    20 | D        | Found the cursed +14 obsidian axe {chop, +Fly SInv *Curse}
    32 | D        | Killed Psyche
    45 | D        | Became a worshipper of Vehumet
    54 | D        | Reached skill level 5 in Spellcasting
    54 | D        | Reached skill level 5 in Conjurations
    54 | D        | Reached skill level 6 in Fire Magic
    54 | D        | Reached XP level 2. HP: 15/15 MP: 7/10
   101 | D        | Entered arena 2.
   101 | D        | Noticed a water moccasin
   101 | D        | Found a transporter.
   119 | D        | Killed a water moccasin
   119 | D        | Reached skill level 8 in Fire Magic
   119 | D        | Reached XP level 3. HP: 13/19 MP: 11/13
   119 | D        | Reached XP level 4. HP: 16/24 MP: 11/14
   125 | D        | Got the amulet of Jeixafos {RegenMP rN++ Str+4 SInv}
   131 | D        | Entered arena 3.
   131 | D        | Found a transporter.
   136 | D        | Reached * piety under Vehumet
   136 | D        | Offered knowledge of Shock by Vehumet.
   153 | D        | Entered arena 4.
   153 | D        | Noticed a water moccasin
   153 | D        | Noticed a water moccasin
   153 | D        | Found a transporter.
   156 | D        | Reached ** piety under Vehumet
   156 | D        | Reached XP level 5. HP: 28/28 MP: 16/16
   168 | D        | Killed a water moccasin
   168 | D        | Reached skill level 9 in Fire Magic
   172 | D        | Killed a death ooze
   175 | D        | Killed an acid blob
   188 | D        | Killed a water moccasin
   188 | D        | Reached skill level 10 in Fire Magic
   188 | D        | Reached XP level 6. HP: 24/32 MP: 17/19
   209 | D        | Learned a level 5 spell: Fireball
   269 | D        | Got the +0 helmet of Polish {Int+3 Dex+3}
   282 | D        | Entered arena 5.
   282 | D        | Noticed a jumping spider
   282 | D        | Found a transporter.
   283 | D        | Reached *** piety under Vehumet
   283 | D        | Reached skill level 10 in Conjurations
   283 | D        | Killed a jumping spider
   283 | D        | Reached skill level 10 in Spellcasting
   283 | D        | Reached skill level 11 in Fire Magic
   283 | D        | Reached XP level 7. HP: 36/36 MP: 16/22
   301 | D        | Got the Collected Works on Blows and Bruises
   313 | D        | Learned a level 7 spell: Orb of Destruction
   315 | D        | Killed Menkaure
   319 | D        | Learned a level 5 spell: Venom Bolt
   320 | D        | Entered arena 6.
   320 | D        | Noticed a small abomination
   320 | D        | Found a transporter.
   321 | D        | Reached **** piety under Vehumet
   321 | D        | Killed a small abomination
   321 | D        | Reached skill level 12 in Fire Magic
   324 | D        | Killed Sonja
   346 | D        | Entered arena 7.
   347 | D        | Offered knowledge of Throw Frost by Vehumet.
   347 | D        | Reached ***** piety under Vehumet
   347 | D        | Reached XP level 8. HP: 41/41 MP: 20/24
   360 | D        | Killed an azure jelly
   374 | D        | Found a transporter.
   398 | D        | Entered arena 8.
   404 | D        | Found a transporter.
   404 | D        | Reached skill level 13 in Fire Magic
   421 | D        | Reached ****** piety under Vehumet
   455 | D        | Got the Incunabulum of Bewitching Talismans
   492 | D        | Killed Grum
   508 | D        | Killed Erolcha
   558 | D        | Entered arena 9.
   558 | D        | Noticed a cyclops
   558 | D        | Noticed a cyclops
   558 | D        | Noticed a merfolk
   558 | D        | Noticed a hippogriff
   558 | D        | Noticed a merfolk
   559 | D        | Offered knowledge of Ignite Poison by Vehumet.
   560 | D        | Killed a cyclops
   560 | D        | Killed a merfolk
   560 | D        | Reached skill level 14 in Fire Magic
   560 | D        | Reached XP level 9. HP: 45/45 MP: 20/27
   565 | D        | Killed a merfolk
   565 | D        | Killed a cyclops
   565 | D        | Reached skill level 15 in Fire Magic
   625 | D        | Found a transporter.
   631 | D        | Killed a death ooze
   649 | D        | Entered arena 10.
   649 | D        | Noticed Qoem the pandemonium lord
   649 | D        | Noticed a hellwing
   649 | D        | Noticed Dapaar the pandemonium lord
   652 | D        | Found a transporter.
   654 | D        | Entered arena 11.
   654 | D        | Noticed a spriggan rider
   655 | D        | Found the cursed -5 robe of Misfortune {-Cast *Contam *Tele *Drain EV-5 Stlth-- *Curse}
   655 | D        | Found a transporter.
   663 | D        | Killed from afar by Dapaar the pandemonium lord

Vault maps used:
D:        sprint_v

Skill      XL: |  1  2  3  4  5  6  7  8  9 |
---------------+----------------------------+-----
Spellcasting   | 5 6 7 8 10 12 | 12.9
Conjurations   | 5 7 9 11 12 13 14 | 14.7
Fire Magic     | 6 8 10 11 12 14 15 | 15.0
Dodging        | |  2.4
Stealth        | |  2.4

Action                   |  1- 3 |  4- 6 |  7- 9 || total
-------------------------+-------+-------+-------++-------
Melee: Quick blade       |    15 |    36 |    17 ||    68
 Cast: Fireball          |       |       |    12 ||    12
       Venom Bolt        |       |       |     3 ||     3
       Orb of Destructio |       |       |     4 ||     4
Evoke: Wand              |       |       |     1 ||     1
  Use: Potion            |     3 |     5 |     2 ||    10
       Scroll            |       |       |     5 ||     5
 Stab: Invisible         |     3 |     6 |       ||     9
       Sleeping          |     2 |     1 |       ||     3
Armor: Robe              |       |     1 |     8 ||     9
Dodge: Dodged            |     4 |    24 |    11 ||    39
Block: Buckler           |     2 |    10 |    10 ||    22

Table legend:
 A = Spawn XP
 B = Non-spawn XP
 C = Spawn XP percentage of total XP
 D = Spawn monster count
 E = Non-spawn monster count
 F = Spawn count percentage of total count
 G = Total turns spent on level
                    A         B        C        D         E        F      G
               +---------+---------+-------+---------+---------+-------+---------
         Total |       0 |    4200 |   0.0 |       0 |      40 |   0.0 |   663
               +---------+---------+-------+---------+---------+-------+---------
             D |       0 |    4200 |   0.0 |       0 |      40 |   0.0 |   663
               +---------+---------+-------+---------+---------+-------+---------
